 Dungeon Crawl Stone Soup version 0.22.1-2-g9c5b331 (webtiles) character file.

330 dondy the Slasher (level 6, -1/47 HPs)
             Began as a Demonspawn Monk on Dec 28, 2018.
             Killed from afar by Natasha (10 damage)
             ... with a magic dart
             ... on level 3 of the Dungeon.
             The game lasted 00:11:33 (3742 turns).

dondy the Slasher (Demonspawn Monk)                 Turns: 3742, Time: 00:11:34

Health: -1/47      AC:  0    Str: 11    XL:     6   Next: 26%
Magic:  6/6        EV: 15    Int: 11    God:
Gold:   140        SH:  0    Dex: 18    Spells: 5/5 levels left

rFire    . . .     SeeInvis .   (weapon currently unavailable)
rCold    . . .     Gourm    .   (shield currently unavailable)
rNeg     . . .     Faith    .   (armour currently unavailable)
rPois    .         Spirit   .   (helmet currently unavailable)
rElec    .         Reflect  .   (cloak currently unavailable)
rCorr    .         Harm     .   (gloves currently unavailable)
MR       .....                  (boots currently unavailable)
Stlth    ++........             (no amulet)
HPRegen  0.15/turn              (ring currently unavailable)
MPRegen  0.10/turn              (ring currently unavailable)

@: pig-form, very quick
A: small, powered by death 1
a: no special abilities


You were on level 3 of the Dungeon.
You were hungry.
You were a filthy swine.
You visited 1 branch of the dungeon, and saw 3 of its levels.

You collected 140 gold pieces.

Inventory:

Hand Weapons
 a - a +0 falchion (melded)
Missiles
 d - 34 arrows
 e - 67 stones
 f - 26 poisoned needles
 l - 11 tomahawks (quivered)
 s - 3 tomahawks of dispersal
Armour
 m - a +0 ring mail (melded)
 q - a +0 cloak (melded)
Scrolls
 h - a scroll of enchant weapon {unknown}
 j - 9 scrolls of identify {unknown}
 k - a scroll of teleportation {unknown}
 n - 2 scrolls of fear {unknown}
 p - 3 scrolls of remove curse {unknown}
 r - a scroll of amnesia {unknown}
Potions
 g - 2 potions of brilliance {unknown}
 i - a potion of mutation {unknown}
 o - 2 potions of agility {unknown}
 t - a potion of heal wounds {unknown}
Comestibles
 c - 7 rations


   Skills:
 - Level 3.0 Fighting
 + Level 6.5 Long Blades
 - Level 2.6 Dodging
 - Level 1.7 Stealth


You had 5 spell levels left.
You didn't know any spells.
Your spell library was empty.

Dungeon Overview and Level Annotations

Branches:
Dungeon (3/15)

Altars:

Annotations:
D:3 Natasha


Innate Abilities, Weirdness & Mutations

((You have sharp fingernails.))
((You are mostly covered in slimy green scales. (AC +3)))
You regenerate a little health from kills.


Message History

The white imp gestures at you. The puff of frost hits you!
You hit Natasha.
Natasha is heavily wounded.
Natasha closely misses you. The white imp misses you.
You barely miss Natasha.
Natasha is heavily wounded.
Natasha zaps a wand.
The white imp barely misses you.
You are feeling hungry.
You hit Natasha.
Natasha is severely wounded.
Natasha misses you. The white imp gestures at you. The puff of frost hits you!
* * * LOW HITPOINT WARNING * * *
You hit Natasha but do no damage.
Natasha is severely wounded.
Natasha casts a spell at you. The magic dart hits you!
You die... .............PPP.P.P.P.P# #.# ############.P...P.....P# #.# #.PPPPPPP)PPP# #.# #.P.P.P...P.P# #.# #.P.P.P.P.P.P #.# #.P.....P...P #.# #.P.PPPPPPP.P###.# ###.P.h.....P.P#...# ### #...PPPhPPPPPPP#.###

..########.....5.####.#
#.#
...##....>............#
#.#
....##..........#######
#.# .....####.......[.#
#.# ......###..#.##.#.#
#.# .......##..#.#.##.#
#.# .......##.....###.#
#.# .......#...#.## #.#
#.#


You could see Natasha and a white imp.

Vanquished Creatures
  An ogre (D:3)
  Natasha (twice) (D:3)
  An iguana (D:3)
  An orc wizard (D:3)
  7 adders
  An ooze (D:2)
  An adder skeleton (D:3)
  A worm (D:2)
  A dart slug (D:2)
  2 leopard geckos
  10 orcs
  5 bats
  3 giant cockroaches
  2 hobgoblins (D:3)
  4 jackals (D:2)
  9 kobolds
  3 ball pythons
  5 frilled lizards
  6 goblins
  7 rats
72 creatures vanquished.

Notes
Turn   | Place    | Note
-------+----------+-------------------------------------------
     0 | D:1      | dondy the Demonspawn Monk began the quest for the Orb.
     0 | D:1      | Reached XP level 1. HP: 18/18 MP: 1/1
   158 | D:1      | Reached skill level 3 in Long Blades
   267 | D:1      | Gained mutation: You are partially covered in slimy green
                  | scales. (AC +2) [demonic ancestry]
   267 | D:1      | Reached XP level 2. HP: 24/24 MP: 2/2
   891 | D:2      | Gained mutation: You regenerate a little health from kills.
                  | [demonic ancestry]
   891 | D:2      | Reached XP level 3. HP: 21/29 MP: 3/3
   985 | D:2      | Reached skill level 4 in Long Blades
  1426 | D:2      | Reached XP level 4. HP: 28/35 MP: 4/4
  2237 | D:3      | Noticed Natasha
  2251 | D:3      | Killed Natasha
  2251 | D:3      | Reached skill level 5 in Long Blades
  2597 | D:3      | Gained mutation: You have sharp fingernails. [demonic
                  | ancestry]
  2597 | D:3      | Reached XP level 5. HP: 41/41 MP: 5/5
  2810 | D:3      | Noticed an ogre
  2821 | D:3      | Killed an ogre
  2821 | D:3      | Reached skill level 6 in Long Blades
  2821 | D:3      | Gained mutation: You are mostly covered in slimy green
                  | scales. (AC +3) [demonic ancestry]
  2821 | D:3      | Reached XP level 6. HP: 29/47 MP: 6/6
  3456 | D:3      | Noticed Natasha
  3471 | D:3      | Killed Natasha
  3709 | D:3      | Noticed Natasha
  3742 | D:3      | Killed from afar by Natasha

Skill      XL: |  1  2  3  4  5 |
---------------+----------------+-----
Long Blades    | 3 4 5 6 |  6.5
Fighting       | |  3.0
Dodging        | |  2.6
Stealth        | |  1.7

Action                   |  1- 3 |  4- 6 || total
-------------------------+-------+-------++-------
Melee: Falchion          |    93 |   200 ||   293
       Unarmed           |       |     6 ||     6
Throw: Stone             |    64 |     7 ||    71
       Tomahawk          |       |    31 ||    31
  Use: Potion            |     1 |       ||     1
 Stab: Sleeping          |     1 |       ||     1
  Eat: Chunk             |     2 |     7 ||     9
Armor: Robe              |    18 |     2 ||    20
       Ring mail         |       |    59 ||    59
Dodge: Dodged            |    65 |    99 ||   164
       Rpst.: Falchion   |    22 |    33 ||    55
